 Dungeon Crawl Stone Soup version 0.23-a0-78-gc252fe1 (webtiles) character file.

74 galech the Skirmisher (level 4, 0/35 HPs)
             Began as a Demonspawn Fighter on Aug 10, 2018.
             Succumbed to an adder's poison
             ... on level 2 of the Dungeon.
             The game lasted 00:02:37 (1613 turns).

galech the Skirmisher (Demonspawn Fighter)          Turns: 1613, Time: 00:02:38

Health: 0/35       AC:  8    Str: 17    XL:     4   Next: 10%
Magic:  4/4        EV:  7    Int:  9    God:
Gold:   69         SH:  9    Dex: 13    Spells: 3/3 levels left

rFire    . . .     SeeInvis .   a - +0 war axe
rCold    . . .     Gourm    .   c - +0 shield
rNeg     . . .     Faith    .   b - +0 scale mail
rPois    .         Spirit   .   (no helmet)
rElec    .         Reflect  .   (no cloak)
rCorr    .         Harm     .   (no gloves)
MR       .....                  (no boots)
Stlth    +.........             (no amulet)
HPRegen  0.11/turn              (no ring)
MPRegen  0.09/turn              (no ring)

@: lethally poisoned (0 -> -5), berserk cooldown, slowed, very slow
A: icy blue scales 1, nightstalker 1
a: no special abilities


You were on level 2 of the Dungeon.
You were hungry.

You visited 1 branch of the dungeon, and saw 2 of its levels.

You collected 69 gold pieces.

Inventory:

Hand Weapons
 a - a +0 war axe (weapon)
Armour
 b - a +0 scale mail (worn)
 c - a +0 shield (worn)
Jewellery
 j - an uncursed ring of wizardry {unknown}
Scrolls
 e - a scroll of enchant armour {unknown}
 g - a scroll of teleportation {unknown}
 i - 2 scrolls of identify {unknown}
 k - a scroll of magic mapping {unknown}
 l - 4 scrolls of random uselessness {unknown}
 m - a scroll of remove curse {unknown}
Potions
 d - 2 potions of might
 h - 2 potions of magic
Comestibles
 f - a ration


   Skills:
 + Level 3.4 Fighting
 + Level 2.4 Axes
 + Level 3.1 Armour
 + Level 1.4 Dodging
 + Level 3.0 Shields


You had 3 spell levels left.
You didn't know any spells.
Your spell library was empty.

Dungeon Overview and Level Annotations

Branches:
Dungeon (2/15)

Altars:
Hepliaklqana
Yredelemnul


Innate Abilities, Weirdness & Mutations

You are partially covered in icy blue scales. (AC +2)
You are slightly more attuned to the shadows.


Message History

You are feeling hungry.
* * * LOW HITPOINT WARNING * * *
You feel sick. The adder bites you.
* * * LOW HITPOINT WARNING * * *
You slash the adder!
You kill the adder!
You have reached level 4!
You feel stronger.
* * * LOW HITPOINT WARNING * * *
You feel sick.
You are too berserk!
You see here an adder corpse.
You butcher the adder corpse.
You feel a strong urge to attack something.
Things that are here:
a chunk of flesh; an adder skeleton You are no longer berserk.
You are exhausted.
You feel yourself slow down.
You die...

##^^.## #.# #^.^^.# #.#
##^^^###########.#
#.^_^^##......##.######
#############.##.##....
### #.#..>#.### #.#
##.......# #.#
#........# #@#
##.##.#### #%# ####.#
#.# #.# #.# ##'## #.#
##...## #.# ##.....##
##.## ##.......##
##...####.....†...#
#.......+.>.......+


There were no monsters in sight!

Vanquished Creatures
  3 adders (D:2)
  An ooze (D:1)
  2 dart slugs
  A leopard gecko (D:2)
  5 giant cockroaches
  6 goblins
  3 hobgoblins (D:1)
  4 kobolds
  A quokka (D:2)
  A ball python (D:1)
  2 bats (D:1)
  2 frilled lizards (D:1)
  6 rats
  A spectral orc (D:2)
38 creatures vanquished.

Notes
Turn   | Place    | Note
-------+----------+-------------------------------------------
     0 | D:1      | galech the Demonspawn Fighter began the quest for the Orb.
     0 | D:1      | Reached XP level 1. HP: 18/18 MP: 1/1
   248 | D:1      | Gained mutation: You are slightly more attuned to the shadows. [demonic ancestry]
   248 | D:1      | Reached XP level 2. HP: 24/24 MP: 2/2
   723 | D:1      | Gained mutation: You are partially covered in icy blue scales. (AC +2) [demonic ancestry]
   723 | D:1      | Reached XP level 3. HP: 29/29 MP: 3/3
   996 | D:2      | Found a hazy altar of Hepliaklqana.
  1094 | D:2      | Reached skill level 1 in Dodging
  1448 | D:2      | Found a basalt altar of Yredelemnul.
  1609 | D:2      | HP: 2/43 [adder (2)]
  1610 | D:2      | Reached XP level 4. HP: 2/35 MP: 4/4
  1613 | D:2      | Succumbed to an adder's poison

Vault maps used:
D:1:      nagdon_arrival_zigzag_paths
D:2:      grunt_temple_overflow_growth_and_decay,
          nicolae_overflow_crystal_walls, yredelemnul_forgotten_temple_becter,
          first_ration, st_stairs_8, minmay_misc_feat_chi,
          nicolae_ru_path_of_blood

Skill      XL: |  1  2  3 |
---------------+----------+-----
Armour         | 3 |  3.1
Axes           | 2 |  2.4
Dodging        | 1 |  1.4
Shields        | 3 |  3.0
Fighting       | |  3.4

Action                   |  1- 3 |  4- 6 || total
-------------------------+-------+-------++-------
Melee: War axe           |   128 |       ||   128
  Use: Potion            |     2 |       ||     2
  Eat: Chunk             |     2 |       ||     2
Armor: Scale mail        |    56 |       ||    56
Dodge: Dodged            |    48 |       ||    48
Block: Shield            |    57 |       ||    57

Table legend:
 A = Non-vault XP
 B = Vault XP
 C = Vault XP percentage of total XP
 D = Non-vault monster count
 E = Vault monster count
 F = Vault count percentage of total count
 G = Total turns spent on level
                 A         B        C        D         E       F
            +---------+---------+-------+---------+---------+-------
      Total |     105 |       2 |   1.9 |      36 |       2 |   5.3
            +---------+---------+-------+---------+---------+-------
        D:1 |      43 |       0 |   0.0 |      22 |       0 |   0.0
        D:2 |      62 |       2 |   3.1 |      14 |       2 |  12.5
            +---------+---------+-------+---------+---------+-------
